 Dungeon Crawl Stone Soup version 0.32-a0-699-g1ee5eff69a (webtiles) character file.

Game seed: 5242095539899840952

422 Fodor the Chopper (level 6, 0/53 HPs)
             Began as a Minotaur Fighter on Mar 13, 2024.
             Incinerated by a bombardier beetle (6 damage)
             ... with a burning spray
             ... on level 5 of the Dungeon.
             The game lasted 00:08:47 (2712 turns).

Fodor the Chopper (Minotaur Fighter)                Turns: 2712, Time: 00:08:47

Health: 0/53       AC:  9    Str: 22    XL:     6   Next: 63%
Magic:  5/5        EV: 24    Int:  5    God:
Gold:   234        SH:  4    Dex: 10    Spells: 5/5 levels left

rFire   . . .        a - +0 war axe
rCold   + . .        c - +0 buckler
rNeg    . . .        b - +2 ring mail {rC+}
rPois   .            (helmet restricted)
rElec   .            (no cloak)
rCorr   .            r - +0 pair of gloves
SInv    .            (no boots)
Will    .....        p - amulet of the acrobat Stlth
                     (no ring)
HPRegen 0.28/turn    (no ring)
MPRegen 0.09/turn

%: acrobat
@: mighty, on fire, about to teleport, acrobatic, glowing
A: horns 2, retaliatory headbutt
a: Convert to Beogh


You were on level 5 of the Dungeon.
You visited 1 branch of the dungeon, and saw 5 of its levels.

You collected 234 gold pieces.

Inventory:

Hand Weapons
 a - a +0 war axe (weapon)
 f - a +0 sling
Armour
 b - a +2 ring mail of cold resistance (worn)
 c - a +0 buckler (worn)
 r - a +0 pair of gloves (worn)
Jewellery
 h - a +6 ring of intelligence
 p - an amulet of the acrobat (around neck)
Talismans
 k - a serpent talisman
Wands
 x - a wand of digging (3)
Scrolls
 g - 3 scrolls of teleportation
 i - a scroll of immolation {unknown}
 j - 2 scrolls of fog
 m - a scroll of fear {unknown}
 n - a scroll of silence {unknown}
 o - a scroll of amnesia {unknown}
 q - a scroll of vulnerability {unknown}
 s - 2 scrolls of brand weapon
 t - a scroll of enchant armour {unknown}
 v - a scroll of noise {unknown}
 w - a scroll of enchant weapon {unknown}
Potions
 e - a potion of mutation {unknown}
 l - 3 potions of brilliance
 u - a potion of heal wounds {unknown}


   Skills:
 + Level 4.7 Fighting
 + Level 6.2 Axes
 + Level 1.4 Ranged Weapons
 + Level 4.9 Armour
 + Level 1.6 Dodging
 + Level 0.3 Stealth
 + Level 4.2 Shields


You had 5 spell levels left.
You didn't know any spells.
Your spell library contained the following spells:

 Spells                   Type           Power      Damage    Failure   Level
 Mercury Vapours          Alch/Air       0%         N/A       83%         2
 Mephitic Cloud           Conj/Alch/Air  0%         N/A       97%         3
 Freezing Cloud           Conj/Ice/Air   0%         6-21      100%        5


Dungeon Overview and Level Annotations

Branches:
Dungeon (5/15)
 Temple: D:4-7

Altars:
Cheibriados
Trog
Xom


Innate Abilities, Weirdness & Mutations

You have a pair of horns on your head.
You reflexively headbutt those who attack you in melee.


Message History

The bombardier beetle bites you but does no damage.
The orc hits you with a +0 hand axe. The ice beast hits you.
The ice beast freezes you. You resist.
You slash the ice beast! You headbutt the ice beast!
The ice beast is severely wounded.
You hit the bombardier beetle but do no damage.
You barely miss the orc. The orc barely misses you.
The ice beast barely misses you. You furiously retaliate!
You headbutt the ice beast.
The bombardier beetle sprays incendiary fluid at you.
The burning spray hits you.
You are covered in liquid fire!
The orc priest casts a cantrip, but nothing happens.
You hit the bombardier beetle.
The bombardier beetle is almost dead.
You barely miss the ice beast. You hit the orc. The liquid fire burns you!
* * * LOW HITPOINT WARNING * * *
The orc hits you with a +0 hand axe.
* * * LOW HITPOINT WARNING * * *
The ice beast hits you but does no damage.
The bombardier beetle sprays incendiary fluid at you.
The burning spray hits you.
You are even more covered in liquid fire!
The orc barely misses you. You furiously retaliate!
You headbutt the orc.
You kill the orc!
You feel very mighty all of a sudden. The liquid fire burns you!
* * * LOW HITPOINT WARNING * * *
The ice beast hits you but does no damage.
As you read the scroll of teleportation, it crumbles to dust.
You feel strangely unstable. The liquid fire burns you!
* * * LOW HITPOINT WARNING * * *
The ice beast hits you but does no damage.
The bombardier beetle bites you but does no damage.
The orc priest barely misses you.
You shake off some of the fire as you move.
The liquid fire burns you!
You die...

.....##.#....#..............
##.#..# #....#.....####.....
#.#....####.#.....# ....
.......# .#.#<..# .
##......######.#...# ._
#.............#...#....
.......... .#.oYB.......
.......... #..#.#..#....
#..#@##.##... ... #.##..#...
...( #........ .. ###......
# ...... ....? ..... ....
....


You could see an ice beast, a bombardier beetle and an orc priest.

Vanquished Creatures
  A phantom (D:4)
  An orc priest (D:4)
  A jelly (D:5)
  2 iguanas
  7 gnolls
  4 adders
  2 ufetubi (D:5)
  2 dart slugs
  19 orcs
  6 ball pythons
  6 bats
  3 endoplasms
  A giant cockroach (D:4)
  14 goblins
  9 hobgoblins
  4 quokkas
  2 frilled lizards
  A hobgoblin zombie (D:5)
  12 kobolds
  A kobold zombie (D:5)
  2 orc zombies (D:5)
  5 rats
105 creatures vanquished.

Notes
Turn   | Place    | Note
-------+----------+-------------------------------------------
     0 | D:1      | Fodor the Minotaur Fighter began the quest for the Orb.
     0 | D:1      | Reached XP level 1. HP: 19/19 MP: 0/0
   136 | D:1      | Reached XP level 2. HP: 27/27 MP: 1/1
   524 | D:2      | Reached skill level 1 in Ranged Weapons
   524 | D:2      | Reached XP level 3. HP: 33/33 MP: 2/2
   530 | D:2      | Found a shimmering altar of Xom.
   699 | D:2      | Reached skill level 3 in Axes
   891 | D:3      | Reached XP level 4. HP: 39/40 MP: 3/3
   897 | D:3      | Reached skill level 4 in Axes
  1609 | D:4      | Noticed a phantom
  1621 | D:4      | Killed a phantom
  1622 | D:4      | Reached skill level 5 in Axes
  1622 | D:4      | Reached skill level 1 in Dodging
  1622 | D:4      | Reached XP level 5. HP: 46/47 MP: 4/4
  1779 | D:4      | Reached XP level 6. HP: 39/53 MP: 5/5
  2527 | D:4      | Found a snail-covered altar of Cheibriados.
  2541 | D:4      | Reached skill level 6 in Axes
  2584 | D:5      | Entered Level 5 of the Dungeon
  2685 | D:5      | Noticed an ice beast
  2698 | D:5      | Found a bloodstained altar of Trog.
  2712 | D:5      | Incinerated by a bombardier beetle

Illustrated notes

Levels and vault maps discovered:
D:1:      tarquinn_simple_flora_water_e, layout_basic
D:2:      layout_basic, basic_altar, grunt_ministairs_10
D:3:      layout_rooms, serial_aquarium, aquarium_bridge_square
          [aquarium_subvault_bridge, aquarium_subvault_window,
          aquarium_subvault_wall, aquarium_subvault_bridge], aquarium_window_2,
          aquarium_window_1, aquarium_window_corridor_3, aquarium_window_corner,
          aquarium_view_2d, aquarium_view_2b
D:4:      corexii_shantytown, layout_basic, cheibriados_altar_1
D:5:      layout_rooms, grunt_temple_overflow_open, minmay_misc_feat_roman,
          minmay_mini_ossuary

Skill      XL: |  1  2  3  4  5  6 |
---------------+-------------------+-----
Armour         | 4 |  4.9
Ranged Weapons | 1 |  1.4
Fighting       | 4 |  4.7
Axes           | 3 5 6 |  6.2
Shields        | 4 |  4.2
Dodging        | 1 |  1.6
Stealth        | |  0.3

Action                     |  1- 3 |  4- 6 || total
---------------------------+-------+-------++-------
  Melee: War axe           |    46 |   142 ||   188
         Headbutt          |     7 |    20 ||    27
   Fire: Sling             |    34 |       ||    34
    Use: Scroll            |       |     6 ||     6
         Potion            |       |     1 ||     1
 Armour: Scale mail        |    28 |       ||    28
         Ring mail         |    45 |    90 ||   135
  Dodge: Dodged            |    28 |    76 ||   104
  Block: Buckler           |    21 |    43 ||    64

Table legend: (Time is in decaauts)
 A = Elapsed time spent in this place.
 B = Non-inter-level travel time spent in this place.
 C = Inter-level travel time spent in this place.
 D = Time resting spent in this place.
 E = Time spent auto-exploring this place.
 F = Levels seen in this place.
 G = Mean time per level.
                   A        B        C        D        E       F      G
               +--------+--------+--------+--------+--------+-----+--------+
         Total |   2783 |   2783 |      0 |      0 |   1766 |   5 |  556.6 |
       Dungeon |   2783 |   2783 |      0 |      0 |   1766 |   5 |  556.6 |
               +--------+--------+--------+--------+--------+-----+--------+

Top non-repeatable levels by time:
     D:4: 1092 daAuts
     D:3: 649 daAuts
     D:1: 538 daAuts
     D:2: 372 daAuts
     D:5: 131 daAuts
